 Dungeon Crawl Stone Soup version 0.19-a0-1065-gdac414d (webtiles) character file.

11196 4thArraOfDagon the Brawler (level 11, 0/94 HPs)
             Began as a Troll Berserker on Aug 3, 2016.
             Was an Elder of Trog.
             Slain by a death yak (11 damage)
             ... on level 4 of the Lair of Beasts.
             The game lasted 00:13:08 (2152 turns).

4thArraOfDagon the Brawler (Troll Berserker)        Turns: 2152, Time: 00:13:08

Health: 0/94       AC: 13    Str: 31    XL:     11   Next: 46%
Magic:  10/10      EV:  5    Int:  5    God:    Trog [****..]
Gold:   316        SH: 16    Dex: 12    Spells: 0 memorised, 10 levels left

rFire  + + +     SeeInvis .       - Unarmed
rCold  x . .     Gourm    +     n - +0 fire dragon armour
rNeg   . . .     Faith    .     w - +1 large shield {rF+}
rPois  .         Spirit   .     (helmet restricted)
rElec  .         Dismiss  .     (no cloak)
rCorr  .         Reflect  .     (gloves unavailable)
SustAt .         Harm     .     (boots unavailable)
MR     ++...                    (no amulet)
Stlth  ..........               s - +3 ring of dexterity
                                j - +3 ring of strength

@: exhausted, regenerating, slowed, very slow
A: unfitting armour, claws 3, fast metabolism 3, gourmand, regeneration 2,
shaggy fur 1, tough skin 2
a: Berserk, Trog's Hand, Brothers in Arms, Burn Spellbooks, Renounce Religion


You were on level 4 of the Lair of Beasts.
You worshipped Trog.
Trog was greatly pleased with you.
You were very full.

You visited 2 branches of the dungeon, and saw 15 of its levels.
You also visited: Volcano.

You collected 316 gold pieces.

Inventory:

Hand Weapons
 u - a +0 giant spiked club
Missiles
 p - a throwing net (quivered)
Armour
 a - a +0 animal skin
 n - a +0 fire dragon armour (worn)
 w - a +1 large shield of fire resistance (worn)
Jewellery
 j - a +3 ring of strength (left claw)
 s - a +3 ring of dexterity (right claw)
Wands
 f - a wand of acid (7/15)
 r - a wand of iceblast (6/15)
 x - a wand of iceblast (8/15)
 z - a wand of iceblast (9/15)
Scrolls
 c - 2 scrolls of remove curse
 d - 3 scrolls of blinking
Potions
 e - a potion of agility
 i - 2 potions of brilliance {unknown}
 l - a potion of flight {unknown}
 o - a potion of invisibility {unknown}
 v - a potion of curing {unknown}
 A - a potion of berserk rage
Books
 k - a book of Annihilations

   Spells                             Type                      Level
   a - Poison Arrow                   Conjuration/Poison           6
   b - Chain Lightning                Conjuration/Air              8
   c - Lehudib's Crystal Spear        Conjuration/Earth            8
   d - Glaciate                       Conjuration/Ice              9
   e - Fire Storm                     Conjuration/Fire             9
   Trog disapproves of the use of such an item.
 m - a book of Burglary

   Spells                             Type                      Level
   a - Swiftness                      Charms/Air                   2
   b - Passwall                       Transmutation/Earth          2
   c - Passage of Golubria            Translocation                4
   d - Lee's Rapid Deconstruction     Earth                        5
   e - Darkness                       Hexes                        6
   f - Invisibility                   Hexes                        6
   Trog disapproves of the use of such an item.
 q - a book of Flames

   Spells                             Type                      Level
   a - Flame Tongue                   Conjuration/Fire             1
   b - Throw Flame                    Conjuration/Fire             2
   c - Conjure Flame                  Conjuration/Fire             3
   d - Inner Flame                    Hexes/Fire                   3
   e - Sticky Flame                   Conjuration/Fire             4
   f - Fireball                       Conjuration/Fire             5
   Trog disapproves of the use of such an item.
Comestibles
 b - 3 bread rations
 g - 2 meat rations
 h - a beef jerky


   Skills:
 - Level 2.4 Fighting
 + Level 7.7 Armour
 - Level 2.4 Dodging
 + Level 2.3 Shields
 * Level 15.0 Unarmed Combat


You had 10 spell levels left.
You didn't know any spells.

Dungeon Overview and Level Annotations

Branches:
Dungeon (10/15)              Lair (5/6) D:10         Shoals (0/4) Lair:2
 Temple: D:4-7        Snake: Lair:2-4    Spider: Lair:2-4     Slime: Lair:5-6
    Orc: D:9-12

Altars:

Shops:
D:4 }   D:10 }


Innate Abilities, Weirdness & Mutations

You are too large for most types of armour.
You have claws for hands.
Your metabolism is lightning-fast.
You like to eat raw meat.
You heal very quickly.
You are covered in fur. (AC +1)
You have very tough skin. (AC +2)


Message History

The spellbook bursts into flames.
Trog is delighted!
The death yak is engulfed in roaring flames.
The death yak gores you!
The death yak is engulfed in roaring flames.
The death yak gores you!!
* * * LOW HITPOINT WARNING * * *
Unknown command.
Unknown command.
It was a potion of berserk rage.
You're too exhausted to go berserk.
The death yak is engulfed in roaring flames.
You block the death yak's attack.
Your skin crawls.
You feel resistant to hostile enchantments.
You feel somewhat less full.
The death yak is engulfed in roaring flames.
The death yak gores you!
* * * LOW HITPOINT WARNING * * *
The death yak is engulfed in roaring flames.
The death yak gores you!
You die...

# .# ## .#..##P####
#......... .....
#........ .....#
##.##.#.# #....#
#.......# ###P...##
###.#P.#.####.##...#.
#..#......#..........
#...@................
##..Y..........>.....
#....†...............
###..................
#..................
###................
##...............
####........)...
#..........#.


You could see a death yak.

Vanquished Creatures
  3 death yaks (Lair:4)
  A hill giant (D:10)
  An orc knight (Volcano)
  3 komodo dragons
  4 spiny frogs
  A troll (D:10)
  A basilisk (Lair:1)
  14 yaks
  A hungry ghost (D:7)
  A hippogriff (Lair:1)
  4 porcupines
  3 water moccasins (Lair:1)
  5 orc warriors (Volcano)
  A sky beast (D:8)
  A phantom (D:10)
  An eye of draining (D:10)
  An ogre (D:10)
  13 wolves
  A centaur (D:10)
  3 crocodiles (Lair:1)
  2 giant frogs
  A scorpion (D:10)
  4 wights (D:4)
  A howler monkey (D:6)
  3 crimson imps (D:8)
  7 hounds
  2 iguanas
  5 worker ants
  4 sheep (Lair:3)
  A worker ant zombie (D:7)
  4 gnolls (D:4)
  An adder (D:2)
  22 river rats (Lair:1)
  An adder zombie (D:8)
  A dart slug (D:2)
  A giant gecko (D:1)
  An orc (D:10)
  A giant cockroach (D:2)
  A goblin (D:2)
  A hobgoblin (D:2)
  4 jackals (D:4)
  A kobold (D:1)
  A quokka (D:10)
  A giant newt (D:4)
  A quokka zombie (D:7)
  A plant (D:10)
136 creatures vanquished.

Notes
Turn   | Place    | Note
-------+----------+-------------------------------------------
     0 | D:1      | 4thArraOfDagon the Troll Berserker began the quest for the Orb.
     0 | D:1      | Reached XP level 1. HP: 22/22 MP: 0/0
    76 | D:2      | Reached XP level 2. HP: 29/29 MP: 1/1
   107 | D:4      | Found Bugiomu's Gadget Shoppe.
   107 | D:4      | Noticed a wight
   107 | D:4      | Noticed a wight
   107 | D:4      | Noticed a wight
   107 | D:4      | Noticed a wight
   121 | D:4      | Reached skill level 4 in Unarmed Combat
   121 | D:4      | Reached XP level 3. HP: 36/36 MP: 2/2
   125 | D:4      | Reached skill level 5 in Unarmed Combat
   125 | D:4      | Reached XP level 4. HP: 44/44 MP: 3/3
   128 | D:4      | Reached skill level 6 in Unarmed Combat
   128 | D:4      | Reached XP level 5. HP: 31/50 MP: 4/4
   226 | D:4      | Reached XP level 6. HP: 52/59 MP: 5/5
   282 | D:5      | Entered Level 5 of the Dungeon
   296 | D:6      | Reached ** piety under Trog
   296 | D:6      | Reached skill level 7 in Unarmed Combat
   437 | D:7      | Noticed a hungry ghost
   452 | D:7      | Killed a hungry ghost
   591 | D:7      | Reached skill level 8 in Unarmed Combat
   601 | D:8      | Reached XP level 7. HP: 66/66 MP: 6/6
   734 | D:9      | Reached skill level 1 in Armour
   734 | D:9      | Reached skill level 9 in Unarmed Combat
   828 | D:10     | Entered Level 10 of the Dungeon
   828 | D:10     | Noticed a yak
   828 | D:10     | Noticed a yak
   833 | D:10     | Noticed a yak
   837 | D:10     | Noticed a yak
   848 | D:10     | Killed a yak
   848 | D:10     | Reached XP level 8. HP: 74/74 MP: 7/7
   856 | D:10     | Reached skill level 10 in Unarmed Combat
   920 | D:10     | Noticed a troll
   929 | D:10     | Killed a troll
   973 | D:10     | Reached skill level 11 in Unarmed Combat
   973 | D:10     | Reached XP level 9. HP: 78/80 MP: 1/8
  1051 | D:10     | Found Qiof's Gadget Emporium.
  1152 | D:10     | Noticed a hill giant
  1157 | D:10     | Killed a hill giant
  1162 | D:10     | Found a staircase to the Lair.
  1200 | Lair:1   | Entered Level 1 of the Lair of Beasts
  1217 | Lair:1   | Noticed a spiny frog
  1230 | Lair:1   | Killed a spiny frog
  1230 | Lair:1   | Reached skill level 12 in Unarmed Combat
  1234 | Lair:1   | Noticed a komodo dragon
  1241 | Lair:1   | Killed a komodo dragon
  1241 | Lair:1   | Reached skill level 5 in Armour
  1319 | Lair:1   | Reached *** piety under Trog
  1376 | Lair:1   | Reached XP level 10. HP: 88/88 MP: 9/9
  1388 | Lair:1   | Reached skill level 13 in Unarmed Combat
  1541 | Lair:1   | Noticed a spiny frog
  1547 | Lair:1   | Killed a spiny frog
  1547 | Lair:1   | Reached **** piety under Trog
  1665 | Lair:2   | Noticed a spiny frog
  1667 | Lair:2   | Killed a spiny frog
  1693 | Lair:2   | Reached skill level 14 in Unarmed Combat
  1734 | Lair:2   | Found a staircase to the Shoals.
  1745 | Lair:2   | uhh nbad luck
  1775 | Lair:3   | Noticed a spiny frog
  1787 | Lair:3   | Killed a spiny frog
  1849 | Lair:3   | Found a dark tunnel.
  1873 | Volcano  | Entered a volcano
  1905 | Volcano  | Reached XP level 11. HP: 79/94 MP: 10/10
  1928 | Volcano  | Noticed an orc knight
  1937 | Volcano  | Killed an orc knight
  2038 | Lair:3   | Noticed an eight-headed hydra
  2061 | Lair:4   | Reached skill level 1 in Shields
  2083 | Lair:5   | Noticed a four-headed hydra
  2111 | Lair:4   | Noticed a death yak
  2113 | Lair:4   | Noticed a death yak
  2131 | Lair:4   | Noticed a death yak
  2132 | Lair:4   | Killed a death yak
  2134 | Lair:4   | Noticed a death yak
  2138 | Lair:4   | Killed a death yak
  2147 | Lair:4   | Killed a death yak
  2147 | Lair:4   | Reached skill level 15 in Unarmed Combat
  2152 | Lair:4   | Slain by a death yak

Vault maps used:
D:1:      mushboom_english_gardens
D:3:      old_standard_altar, minmay_misc_feat_rows, minmay_three_crescents
D:4:      first_bread, portal_sewer_entry_e, serial_shops,
          nicolae_shop_temple_entry_statues_fountains,
          roderic_bipointed_swastika, uniq_crazy_yiuf_cottage
D:5:      marbit_many_paths, overflow_temple_1_default,
          gup_ossuary_entry_pyramid
D:7:      serial_glass, glass_columns_b, glass_columns_a
D:9:      okawaru_humans, grunt_temple_overflow_opulence, hiddenorc2_lemuel
D:10:     dpeg_oklobed_lair, serial_shops, shop_fountains
Lair:1:   beast_lair_carwin_large_4, grunt_megastairs_3
Lair:2:   elwin_shoals_entry_rocks
Lair:3:   dpeg_oklob_gauntlet, minmay_snake_entry_six_corridors,
          nicolae_volcano_entry_lava_flow, uniq_urug
Lair:5:   dpeg_slime_entry_corner, basic_altar, grunt_megastairs_5, uniq_nessos
Volcano:  volcano_caves

Skill      XL: |  1  2  3  4  5  6  7  8  9 10 11 |
---------------+----------------------------------+-----
Unarmed Combat | 4 5 6 8 9 11 12 14 15 | 15.0
Armour         | 2 3 5 7 |  7.7
Shields        | 2 |  2.3
Fighting       | |  2.4
Dodging        | |  2.4

Action                   |  1- 3 |  4- 6 |  7- 9 | 10-12 || total
-------------------------+-------+-------+-------+-------++-------
Melee: Unarmed           |    19 |    74 |   171 |   179 ||   443
       Punch             |       |       |     8 |     9 ||    17
Invok: Berserk           |     1 |       |     5 |     5 ||    11
       Burn Spellbooks   |       |       |     1 |     1 ||     2
       Trog's Hand       |       |       |     1 |     1 ||     2
  Use: Scroll            |       |       |     1 |     5 ||     6
       Potion            |       |       |       |     1 ||     1
  Eat: Chunk             |       |     8 |    16 |    14 ||    38
       Meat ration       |       |     1 |       |       ||     1
Armor: Animal skin       |     6 |    20 |     1 |       ||    27
       Fire dragon armou |       |       |    57 |    50 ||   107
Dodge: Dodged            |    13 |    44 |    50 |    57 ||   164
Block: Large shield      |       |       |       |    28 ||    28
